[Event "Titled Tuesday Blitz November 08 Late 2022"]
[White "Ardila, Oscar Humberto"]
[Black "Ezat, Mohamed"]
[WhiteFideId "4404742"]
[BlackFideId "10600906"]
[WhiteElo "1959"]
[BlackElo "2386"]
[Result "1/2-1/2"]
[Round "07"]
[TimeControl "180+1"]
[Date "2022.11.09"]
[WhiteClock "0:00:25"]
[BlackClock "0:00:13"]

1. d4 Nf6 2. c4 g6 3. Nc3 Bg7 4. Nf3 d6 5. e3 O-O 6. Be2 Nbd7 7. O-O e5 8. dxe5 dxe5 9. Qc2 Qe7 10. b3 c6 11. a4 Nc5 12. e4 Bg4 13. Ba3 Nfd7 14. Rfd1 Rfd8 15. h3 Bxf3 16. Bxf3 Qe8 17. Rd2 Ne6 18. Ne2 Bf8 19. Bb2 Bb4 20. Rdd1 Ng5 21. Bg4 Nf6 22. Rxd8 Rxd8 23. Rd1 h5 24. Bf3 Nxf3+ 25. gxf3 Nh7 26. Rxd8 Qxd8 27. Bxe5 Qg5+ 28. Bg3 h4 29. f4 Qh5 30. Bh2 Qf3 31. e5 Qxh3 32. Qd1 Qg4+ 33. Kh1 h3 34. Qf1 Qf3+ 35. Kg1 Bc5 36. Bg3 g5 37. Kh2 g4 38. Ng1 Qxb3 39. Qe2 f5 40. exf6 Nxf6 41. Qe6+ Kg7 42. Bh4 Qc3 43. Bxf6+ Qxf6 44. Qxg4+ Kf8 45. Nxh3 Bd6 46. Qc8+ Kg7 47. Qxb7+ Kh6 48. Qxa7 Bxf4+ 49. Kh1 Bd2 50. Qc5 Qf3+ 51. Kh2 Bf4+ 52. Nxf4 Qxf4+ 53. Kg2 Qg4+ 54. Kf1 Qd1+ 55. Kg2 Qg4+ 56. Kh1 Qh3+ 57. Kg1 Qg4+ 58. Kh2 Qh4+ 59. Kg2 Qg4+ 1/2-1/2


[Site "https://www.chess.com"]

[Event "Titled Tuesday Blitz November 08 Late 2022"]
[White "Barash, Anton"]
[Black "Do Nascimento,Christian Almeida"]
[WhiteFideId "30935229"]
[BlackFideId "2143801"]
[WhiteElo "2288"]
[BlackElo "2079"]
[Result "0-1"]
[Round "07"]
[TimeControl "180+1"]
[Date "2022.11.09"]
[WhiteClock "0:00:02"]
[BlackClock "0:00:13"]

1. e4 c5 2. Nf3 d6 3. d4 cxd4 4. Nxd4 Nf6 5. Nc3 a6 6. Bg5 Nbd7 7. f4 Qc7 8. Qe2 b5 9. O-O-O Bb7 10. a3 e6 11. h4 h6 12. Bxf6 Nxf6 13. Rh3 d5 14. e5 Nd7 15. Qh5 Nc5 16. Bd3 g6 17. Qg4 h5 18. Qg5 Be7 19. Qg3 Rc8 20. Bxg6 fxg6 21. Qxg6+ Kd7 22. f5 Rcg8 23. fxe6+ Kc8 24. Qf5 Rf8 25. Qg6 Rhg8 26. Qxh5 Rxg2 27. Qh6 Kb8 28. Re3 Rff2 29. Nde2 Ne4 30. Nxe4 dxe4 31. Qh8+ Ka7 32. Rd7 Qc5 33. Rxe7 Qxe3+ 34. Kb1 Qc5 35. Nc3 Rxc2 36. Qd8 Rxb2+ 0-1


[Site "https://www.chess.com"]

[Event "Titled Tuesday Blitz November 08 Late 2022"]
[White "Barria Zuniga, Daniel"]
[Black "Oglaza, Oskar"]
[WhiteFideId "3400816"]
[BlackFideId "1194402"]
[WhiteElo "2414"]
[BlackElo "2204"]
[Result "1-0"]
[Round "07"]
[TimeControl "180+1"]
[Date "2022.11.09"]
[WhiteClock "0:01:19"]
[BlackClock "0:00:12"]

1. d4 Nf6 2. c4 c5 3. d5 b5 4. Qc2 bxc4 5. e4 e6 6. Nc3 Bb7 7. Bxc4 exd5 8. exd5 Bd6 9. Nf3 O-O 10. O-O h6 11. Rd1 Re8 12. h3 Ba6 13. Nb5 Qb6 14. a4 Bxb5 15. axb5 Bc7 16. Be3 d6 17. b4 Nbd7 18. Ra6 Qb7 19. bxc5 Nxc5 20. Rc6 Nfe4 21. Nd4 Bb6 22. Nf5 Qd7 23. Nxd6 Nxd6 24. Bxc5 Bxc5 25. Rxc5 Rac8 26. Rc6 a6 27. bxa6 Rxc6 28. dxc6 Qxc6 29. Bxf7+ 1-0


[Site "https://www.chess.com"]

[Event "Titled Tuesday Blitz November 08 Late 2022"]
[White "Becerra, Juan David"]
[Black "Goltsev, Dmitry"]
[WhiteFideId "4404998"]
[BlackFideId "24176710"]
[WhiteElo "2281"]
[BlackElo "2289"]
[Result "1-0"]
[Round "07"]
[TimeControl "180+1"]
[Date "2022.11.09"]
[WhiteClock "0:00:12"]
[BlackClock "0:00:31"]

1. e4 e6 2. d3 d5 3. Qe2 Nf6 4. g3 c5 5. Bg2 Nc6 6. Nf3 dxe4 7. dxe4 e5 8. h3 h6 9. O-O Be6 10. c3 Qc7 11. Na3 Be7 12. Rd1 O-O 13. Nc4 b5 14. Ne3 Nxe4 15. Nd5 Bxd5 16. Rxd5 Nf6 17. Rd1 a6 18. Nh4 Rfd8 19. Be3 Rxd1+ 20. Rxd1 Rd8 21. Nf5 Bf8 22. Bxc6 Rxd1+ 23. Qxd1 Qxc6 24. Qd8 Qd7 25. Nxh6+ gxh6 26. Qxf6 Qxh3 27. Qxe5 Qe6 28. Qxe6 fxe6 29. Kg2 Kf7 30. Kf3 Kg6 31. g4 Bd6 32. Ke4 h5 33. gxh5+ Kxh5 34. Bf4 Bf8 35. Ke5 Kg4 36. Be3 Kf3 37. Kxe6 Ke2 38. Kd5 c4 39. Bc5 Bh6 40. Kc6 Kd3 41. Kb6 Kc2 42. Kxa6 Kxb2 43. Kxb5 Kxc3 44. a4 Kb3 45. Bb4 c3 46. Bxc3 Kxc3 47. a5 Bg7 48. a6 Bd4 49. f4 Kd3 50. f5 Ke4 51. f6 Bxf6 52. a7 Bd4 53. a8=Q+ Kd3 54. Qd5 Ke3 55. Kc4 Bb2 56. Qd3+ Kf2 57. Qd2+ Kf3 58. Qxb2 Ke3 59. Qc2 Kf4 60. Kd4 Kg5 61. Qf2 Kg4 62. Ke5 Kg5 63. Qg3+ Kh6 64. Kf6 Kh5 65. Qh3# 1-0


[Site "https://www.chess.com"]

[Event "Titled Tuesday Blitz November 08 Late 2022"]
[White "Bernat, David"]
[Black "Vargas, Mauricio"]
[WhiteFideId "2099225"]
[BlackFideId "4404572"]
[WhiteElo "2333"]
[BlackElo "2025"]
[Result "1-0"]
[Round "07"]
[TimeControl "180+1"]
[Date "2022.11.09"]
[WhiteClock "0:01:41"]
[BlackClock "0:00:05"]

1. c4 e5 2. g3 Nf6 3. Bg2 d5 4. cxd5 Nxd5 5. Nc3 Nb6 6. Nf3 Nc6 7. O-O Be7 8. d3 O-O 9. Be3 Be6 10. a3 Qd7 11. b4 a6 12. Rc1 f6 13. Bxb6 cxb6 14. Na4 b5 15. Nb6 Qd8 16. Nxa8 Qxa8 17. d4 Rd8 18. e3 Bc4 19. Re1 a5 20. Nd2 axb4 21. Nxc4 bxc4 22. axb4 exd4 23. exd4 Rxd4 24. Qe2 Bxb4 25. Qe6+ Kf8 26. Red1 Nd8 27. Qb6 Rxd1+ 28. Rxd1 Be7 29. h4 1-0


[Site "https://www.chess.com"]

[Event "Titled Tuesday Blitz November 08 Late 2022"]
[White "Besedes, Danilo"]
[Black "Moskvin, Anatoly"]
[WhiteFideId "946796"]
[BlackFideId "24199990"]
[WhiteElo "2352"]
[BlackElo "2079"]
[Result "0-1"]
[Round "07"]
[TimeControl "180+1"]
[Date "2022.11.09"]
[WhiteClock "0:00:03"]
[BlackClock "0:00:40"]

1. e4 e5 2. Nf3 Nc6 3. Nc3 Nf6 4. Bb5 Bb4 5. Nd5 Bc5 6. d3 a6 7. Bc4 h6 8. c3 d6 9. h3 Be6 10. b4 Ba7 11. a4 Bxd5 12. Bxd5 Nxd5 13. exd5 Ne7 14. c4 O-O 15. Be3 Bxe3 16. fxe3 a5 17. b5 Nf5 18. Qd2 Ng3 19. Rg1 e4 20. dxe4 Nxe4 21. Qd4 Re8 22. O-O-O Qf6 23. Qxf6 Nxf6 24. Rge1 Re4 25. Rd4 Rae8 26. Kd2 g6 27. Kd3 Kg7 28. Nd2 Rxd4+ 29. Kxd4 Nd7 30. Nb3 f5 31. Nxa5 Re4+ 32. Kc3 Nc5 33. g3 Kf6 34. Re2 g5 35. Nb3 Nxa4+ 36. Kd3 Ke5 37. Ra2 Nb6 38. Nd4 f4 39. gxf4+ gxf4 40. Nf3+ Kf5 41. Nd4+ Ke5 42. Nf3+ Kf5 43. exf4 Rxc4 44. Nd4+ Kxf4 45. Re2 Ra4 46. Ne6+ Kf3 47. Nxc7 Ra3+ 48. Kd2 Ra2+ 49. Kd3 Rxe2 50. Na8 0-1


[Site "https://www.chess.com"]

[Event "Titled Tuesday Blitz November 08 Late 2022"]
[White "Bilan, Danila"]
[Black "Kaganskiy, Gleb"]
[WhiteFideId "24161918"]
[BlackFideId "4132025"]
[WhiteElo "2173"]
[BlackElo "2165"]
[Result "1-0"]
[Round "07"]
[TimeControl "180+1"]
[Date "2022.11.09"]
[WhiteClock "0:00:08"]
[BlackClock "0:00:01"]

1. d4 Nf6 2. Nf3 d5 3. c4 e6 4. g3 Be7 5. Bg2 O-O 6. O-O dxc4 7. Qa4 a6 8. Qxc4 Nc6 9. Bf4 Rb8 10. Nc3 Nd5 11. Rfd1 Nxf4 12. gxf4 Nb4 13. Ne5 c6 14. e4 a5 15. a3 Na6 16. Rac1 Nc7 17. Qe2 Bd7 18. Na4 Be8 19. Nc5 f6 20. Nc4 b6 21. Nb3 a4 22. Na1 b5 23. Ne3 Kh8 24. Nac2 Qc8 25. Nb4 Qb7 26. Rd2 Bxb4 27. axb4 Qb6 28. Rc3 Na6 29. Nc2 Rd8 30. e5 fxe5 31. fxe5 Rf7 32. Rh3 Rf4 33. Be4 g6 34. Qe3 Rf7 35. Bxg6 Rg7 36. Rxh7+ Rxh7 37. Bxh7 Kxh7 38. Rd3 Bh5 39. Qh3 Rg8+ 40. Kf1 Rg5 41. Rg3 Kh6 42. f4 Rxg3 43. hxg3 Qd8 44. Qxe6+ Kh7 45. Qxc6 Qg8 46. Qb7+ Kh8 47. Qxa6 Qxg3 48. Qh6+ Kg8 49. Qg5+ 1-0


[Site "https://www.chess.com"]

[Event "Titled Tuesday Blitz November 08 Late 2022"]
[White "Bluebaum, Matthias"]
[Black "Tan, Ralph"]
[WhiteFideId "24651516"]
[BlackFideId "30966590"]
[WhiteElo "2633"]
[BlackElo "2059"]
[Result "1-0"]
[Round "07"]
[TimeControl "180+1"]
[Date "2022.11.08"]
[WhiteClock "0:00:58"]
[BlackClock "0:00:03"]

1. d4 Nf6 2. c4 g6 3. Nc3 Bg7 4. e4 d6 5. Nf3 O-O 6. Be2 Bg4 7. Be3 Nfd7 8. h4 h5 9. Qd2 Nc6 10. d5 Nce5 11. Nxe5 Nxe5 12. f3 Bd7 13. Rc1 e6 14. Bg5 Bf6 15. f4 Ng4 16. Bxg4 Bxg5 17. hxg5 hxg4 18. e5 Kg7 19. Ne4 Rh8 20. Kf2 exd5 21. cxd5 dxe5 22. fxe5 Qe7 23. Qd4 Be6 24. dxe6 Qxe6 25. Nc5 Qf5+ 26. Kg3 Rh3+ 27. Rxh3 gxh3 28. e6+ Kh7 29. Ne4 Kg8 30. Nf6+ Kf8 31. Qc5+ Kg7 32. Qxf5 gxf5 33. Rxc7 Kg6 34. e7 Kxg5 35. e8=Q 1-0


[Site "https://www.chess.com"]

[Event "Titled Tuesday Blitz November 08 Late 2022"]
[White "Bogaudinov, Rushan"]
[Black "Ramirez, Maria Eugenia"]
[WhiteFideId "4129288"]
[BlackFideId "3301680"]
[WhiteElo "1997"]
[BlackElo "1941"]
[Result "0-1"]
[Round "07"]
[TimeControl "180+1"]
[Date "2022.11.09"]
[WhiteClock "0:00:31"]
[BlackClock "0:00:20"]

1. a3 Nf6 2. b4 e6 3. d4 d6 4. Bb2 Be7 5. g3 O-O 6. Bg2 c5 7. e3 cxd4 8. exd4 d5 9. Nd2 a5 10. c3 Bd6 11. Ne2 Re8 12. O-O e5 13. dxe5 Bxe5 14. Nf3 Bc7 15. Ned4 Nc6 16. Nb5 Bb6 17. Qd3 Bg4 18. h3 Bxf3 19. Qxf3 Ne5 20. Qf4 Nd3 21. Qd2 Nxb2 22. Qxb2 Qd7 23. a4 axb4 24. cxb4 Ne4 25. Kh2 h5 26. h4 Nf6 27. Bf3 Ng4+ 28. Kg2 Ne5 29. Bxh5 g6 30. Be2 d4 31. a5 d3 32. axb6 dxe2 33. Qxe2 Rxa1 34. Rxa1 Nd3 35. Qf3 Qxb5 36. Qxb7 Re2 37. Rf1 Qf5 0-1


[Site "https://www.chess.com"]

[Event "Titled Tuesday Blitz November 08 Late 2022"]
[White "Bortnyk, Mykola"]
[Black "Zhigalko, Sergei"]
[WhiteFideId "14120836"]
[BlackFideId "13502956"]
[WhiteElo "2582"]
[BlackElo "2662"]
[Result "1/2-1/2"]
[Round "07"]
[TimeControl "180+1"]
[Date "2022.11.08"]
[WhiteClock "0:00:02"]
[BlackClock "0:00:02"]

1. d4 Nf6 2. g3 d5 3. Bg2 Bf5 4. c4 c6 5. Qb3 Qb6 6. Qxb6 axb6 7. cxd5 cxd5 8. Nc3 e6 9. Nf3 Nc6 10. O-O Bb4 11. Nh4 Nxd4 12. Nxf5 Nxf5 13. e4 dxe4 14. Nxe4 Nxe4 15. Bxe4 Nd6 16. Bf3 Ke7 17. Rd1 Rhc8 18. Bf4 Rc2 19. a3 Bc5 20. b4 Bxf2+ 21. Kf1 Nc4 22. Bxb7 Ra7 23. Be4 Rb2 24. Rd3 f5 25. Bc6 h6 26. h4 Kf6 27. Rc1 Rxa3 28. Rxa3 Nxa3 29. Bd7 Bd4 30. Rc6 Rf2+ 31. Ke1 Ke7 32. Bxe6 Nc2+ 33. Kd1 Nxb4 34. Rc4 Kxe6 35. Rxd4 Nd5 36. Bd2 Rf3 37. Be1 Ra3 38. Ke2 Ke5 39. Rc4 Ra2+ 40. Kf3 Ra3+ 41. Ke2 g5 42. hxg5 hxg5 43. Rc8 Ra2+ 44. Kf3 Ra3+ 45. Kf2 Nf6 46. Ke2 Ne4 47. Re8+ Kd5 48. Rd8+ Ke6 49. Re8+ Kf7 50. Rb8 Nxg3+ 51. Kd1 Ne4 52. Rxb6 Ra1+ 53. Ke2 Ra2+ 54. Ke3 Ra1 55. Rb7+ Ke6 56. Rb6+ Kd5 57. Ke2 Ra2+ 58. Kd3 Ra3+ 59. Ke2 f4 60. Rb5+ Ke6 61. Rb8 Re3+ 62. Kf1 Ng3+ 63. Bxg3 Rxg3 64. Kf2 Kf5 65. Rb5+ Kg4 66. Rb2 Rf3+ 67. Kg2 Rc3 68. Ra2 Rc4 69. Kh2 Kh4 70. Kg2 g4 71. Rb2 f3+ 72. Kf2 Re4 73. Rb1 Re2+ 74. Kg1 g3 75. Rf1 Kg4 76. Rb1 Rg2+ 77. Kh1 Re2 78. Kg1 Re1+ 79. Rxe1 f2+ 80. Kg2 fxe1=Q 1/2-1/2


[Site "https://www.chess.com"]

[Event "Titled Tuesday Blitz November 08 Late 2022"]
[White "Bortnyk, Olexandr"]
[Black "Kozak, Adam"]
[WhiteFideId "14120828"]
[BlackFideId "753246"]
[WhiteElo "2723"]
[BlackElo "2459"]
[Result "1-0"]
[Round "07"]
[TimeControl "180+1"]
[Date "2022.11.08"]
[WhiteClock "0:00:25"]
[BlackClock "0:00:01"]

1. e4 e5 2. Nf3 Nc6 3. Bb5 Nf6 4. Qe2 Bd6 5. c3 O-O 6. d3 a6 7. Ba4 b5 8. Bc2 Be7 9. Nbd2 d6 10. h3 Nb8 11. g4 Nbd7 12. Nf1 Re8 13. Ng3 Nf8 14. Nf5 Ng6 15. Be3 d5 16. O-O-O b4 17. c4 c6 18. g5 Nh5 19. Nxe5 Nhf4 20. Qf3 Nxe5 21. Qxf4 Ng6 22. Qg3 Bxf5 23. exf5 Bd6 24. Qg4 Ne5 25. Qe2 d4 26. Bxd4 Nxc4 27. Qg4 Ne5 28. Bxe5 Bxe5 29. d4 Bd6 30. g6 fxg6 31. fxg6 h6 32. Rd3 Rf8 33. Rf3 Rxf3 34. Qxf3 Kh8 35. Qxc6 Rc8 36. Qxa6 b3 37. axb3 Ra8 38. Qb5 Bf4+ 39. Kb1 Qxd4 40. Re1 Rf8 41. Re8 Qf6 42. Rxf8+ Qxf8 43. Qf5 Qb8 44. Qe6 Be5 45. Be4 Bf6 46. Bd5 Qd8 47. b4 Qb8 48. b5 Bd4 49. f4 Qd8 50. Kc2 Qb8 51. Kd3 Bxb2 52. b6 Ba1 53. b7 1-0


[Site "https://www.chess.com"]

[Event "Titled Tuesday Blitz November 08 Late 2022"]
[White "Brodowski, Piotr"]
[Black "Zakhartsov, Vladimir"]
[WhiteFideId "1124480"]
[BlackFideId "4145097"]
[WhiteElo "2351"]
[BlackElo "2525"]
[Result "1/2-1/2"]
[Round "07"]
[TimeControl "180+1"]
[Date "2022.11.08"]
[WhiteClock "0:00:12"]
[BlackClock "0:00:19"]

1. c4 e5 2. Nc3 Nf6 3. Nf3 Nc6 4. e4 Bc5 5. Nxe5 Nxe5 6. d4 Bb4 7. dxe5 Nxe4 8. Qd4 Nxc3 9. bxc3 Be7 10. Qg4 Kf8 11. Qd4 d6 12. exd6 Qxd6 13. Be2 Be6 14. Bf4 Qc6 15. O-O Rd8 16. Qe3 Bc5 17. Qg3 Bd6 18. Rad1 h6 19. Bf3 Qc5 20. Rd4 g5 21. Bxd6+ Rxd6 22. Rfd1 Ke7 23. Bxb7 Rhd8 24. Bd5 Bxd5 25. cxd5 Rxd5 26. Rxd5 Rxd5 27. Rxd5 Qxd5 28. Qxc7+ Ke6 29. h3 Qxa2 30. Qc6+ Ke7 31. Qxh6 Qd2 32. g3 a5 33. h4 Qe1+ 34. Kg2 Qe4+ 35. f3 Qc2+ 36. Kh3 Qf5+ 37. Kg2 a4 38. hxg5 a3 39. Qa6 Qc2+ 40. Kh3 a2 41. Qf6+ Ke8 42. Qe5+ Kd7 43. Qd5+ Ke7 44. Qe5+ Kd8 45. Qd5+ Ke8 46. Qe5+ Kf8 47. Qh8+ Ke7 48. Qe5+ Kd8 49. Qd5+ Kc8 50. Qc5+ Kb8 51. Qb5+ Ka7 52. Qa5+ Kb7 53. Qb5+ Kc7 54. Qc5+ Kd8 55. Qd5+ 1/2-1/2


[Site "https://www.chess.com"]

[Event "Titled Tuesday Blitz November 08 Late 2022"]
[White "Capp, Stephen"]
[Black "Jorquera, Marcelo"]
[WhiteFideId "2027089"]
[BlackFideId "3401197"]
[WhiteElo "2171"]
[BlackElo "2136"]
[Result "1/2-1/2"]
[Round "07"]
[TimeControl "180+1"]
[Date "2022.11.09"]
[WhiteClock "0:00:11"]
[BlackClock "0:00:21"]

1. e4 d5 2. d4 dxe4 3. Nc3 e5 4. Bc4 Nf6 5. Nge2 exd4 6. Nxd4 Bc5 7. Be3 O-O 8. O-O Ng4 9. h3 Nxe3 10. fxe3 Nc6 11. Nxe4 Qe7 12. Nxc5 Qxc5 13. Bb3 Bd7 14. Qf3 Ne5 15. Qg3 Kh8 16. Rad1 a5 17. Nf5 Bxf5 18. Rxf5 f6 19. c3 a4 20. Bc2 a3 21. Rh5 h6 22. Qf4 Rf7 23. b4 Qxc3 24. Bb3 Re7 25. Rxh6+ gxh6 26. Qxh6+ Rh7 27. Qxf6+ Rg7 28. Qh6+ Rh7 29. Qf6+ Rg7 30. Qh6+ Rh7 31. Qf6+ 1/2-1/2


[Site "https://www.chess.com"]

[Event "Titled Tuesday Blitz November 08 Late 2022"]
[White "Chigaev, Maksim"]
[Black "Firouzja, Alireza"]
[WhiteFideId "4108116"]
[BlackFideId "12573981"]
[WhiteElo "2541"]
[BlackElo "2903"]
[Result "0-1"]
[Round "07"]
[TimeControl "180+1"]
[Date "2022.11.08"]
[WhiteClock "0:00:02"]
[BlackClock "0:00:32"]

1. Nf3 d6 2. c4 Nf6 3. Nc3 g6 4. e4 Bg7 5. d4 O-O 6. Be2 e5 7. O-O Nbd7 8. Be3 c6 9. d5 c5 10. Bg5 Kh8 11. a3 a6 12. b4 Qc7 13. Qd2 Ng8 14. Be3 f5 15. Qc2 f4 16. Bd2 Qd8 17. Rab1 g5 18. h3 h5 19. Nh2 Ngf6 20. Qd1 Qe8 21. Na4 g4 22. hxg4 Nxe4 23. bxc5 hxg4 24. Bxg4 Ndf6 25. Bxc8 Rxc8 26. Ba5 dxc5 27. Nb6 Rd8 28. Re1 Nd6 29. Rb3 e4 30. Rh3+ Kg8 31. Na4 Rc8 32. Nb6 Rc7 33. Ng4 Nh7 34. Na4 Rc8 35. Nh6+ Kh8 36. Bc3 Qg6 37. Qg4 Qxg4 38. Nxg4 b5 39. cxb5 axb5 40. Bxg7+ Kxg7 41. Nc3 Rfe8 42. Rh6 Rcd8 43. Re6 Ng5 44. Rxe8 Rxe8 45. Rb1 e3 46. fxe3 fxe3 47. Re1 b4 48. axb4 cxb4 49. Nb1 Nc4 50. d6 Nf7 51. d7 Re7 0-1


[Site "https://www.chess.com"]

[Event "Titled Tuesday Blitz November 08 Late 2022"]
[White "Clawitter, Craig"]
[Black "Kaplan, Avi Harrison"]
[WhiteFideId "2023105"]
[BlackFideId "30934559"]
[WhiteElo "2163"]
[BlackElo "1983"]
[Result "0-1"]
[Round "07"]
[TimeControl "180+1"]
[Date "2022.11.09"]
[WhiteClock "0:00:01"]
[BlackClock "0:00:41"]

1. e4 c5 2. Nf3 d6 3. d4 cxd4 4. Nxd4 Nf6 5. Nc3 a6 6. Be3 e5 7. Nb3 Be6 8. f3 h5 9. Be2 Nbd7 10. Nd5 Nxd5 11. exd5 Bf5 12. O-O Rc8 13. c4 Be7 14. Qd2 h4 15. Na5 Qc7 16. h3 Bd8 17. b4 Qb8 18. Nb3 O-O 19. f4 Bb6 20. fxe5 Bxe3+ 21. Qxe3 Nxe5 22. Rxf5 Nxc4 23. Bxc4 Rxc4 24. Rf4 Rfc8 25. Raf1 Rxf4 26. Qxf4 Qa7+ 27. Qf2 b6 28. Qxh4 Rc2 29. Qd8+ Kh7 30. Qxd6 b5+ 31. Nc5 a5 32. a3 Rc3 33. Rf3 axb4 34. axb4 Rc1+ 35. Kh2 Qa1 36. Qf4 Rc4 37. Qxf7 Qe5+ 38. Rg3 Rc3 39. Ne4 Rd3 40. Ng5+ Kh6 41. Ne4 Kh7 42. Qg6+ Kh8 0-1


[Site "https://www.chess.com"]

[Event "Titled Tuesday Blitz November 08 Late 2022"]
[White "Da Matta, Eduardo Cesar"]
[Black "Urbina Perez, Juan Antonio"]
[WhiteFideId "2193108"]
[BlackFideId "2217368"]
[WhiteElo "1981"]
[BlackElo "2197"]
[Result "1-0"]
[Round "07"]
[TimeControl "180+1"]
[Date "2022.11.09"]
[WhiteClock "0:01:21"]
[BlackClock "0:00:08"]

1. d4 d5 2. c4 c6 3. cxd5 cxd5 4. Nc3 Nf6 5. Nf3 Nc6 6. e3 a6 7. Ne5 e6 8. f4 Bd6 9. Bd3 O-O 10. O-O g6 11. Bd2 Ne4 12. Nxe4 dxe4 13. Bxe4 Ne7 14. Be1 Rb8 15. Bh4 Qe8 16. Bf6 Nf5 17. Bxf5 exf5 18. Rc1 Be7 19. Bxe7 Qxe7 20. Rc3 Bd7 21. Rc7 Rfd8 22. Qb3 b5 23. Rfc1 Kg7 24. Nc6 Qd6 25. Nxd8 Rxd8 26. R1c6 Bxc6 27. Qxf7+ Kh6 28. Qxh7# 1-0


[Site "https://www.chess.com"]

[Event "Titled Tuesday Blitz November 08 Late 2022"]
[White "Dahlgren, James Allen"]
[Black "Burke, Paul"]
[WhiteFideId "22256873"]
[BlackFideId "2605767"]
[WhiteElo "2186"]
[BlackElo "1809"]
[Result "1-0"]
[Round "07"]
[TimeControl "180+1"]
[Date "2022.11.09"]
[WhiteClock "0:00:07"]
[BlackClock "0:00:01"]

1. e4 e5 2. Nf3 Nc6 3. Nc3 d6 4. d4 exd4 5. Nxd4 Be7 6. Bc4 Nf6 7. O-O O-O 8. f4 Nxe4 9. Nxe4 d5 10. Nxc6 bxc6 11. Bd3 dxe4 12. Bxe4 Ba6 13. Re1 Qxd1 14. Rxd1 Bc5+ 15. Kh1 Be2 16. Re1 Rad8 17. h3 Bb5 18. Be3 Bxe3 19. Rxe3 Rd2 20. a4 Ba6 21. Rc1 Rfd8 22. Bxc6 Kf8 23. Kh2 g6 24. Kg3 Bc8 25. Be4 Be6 26. Rce1 Kg7 27. R1e2 Rd1 28. Bf3 Rb1 29. b3 Rb2 30. Kf2 Rb1 31. g4 Rdd1 32. Bg2 c5 33. Rc3 c4 34. bxc4 Rb4 35. Bd5 Bxd5 36. cxd5 Rxf4+ 37. Kg3 Rxa4 38. Rc7 Rxd5 39. Ree7 Ra3+ 40. Kf4 g5+ 41. Ke4 Rb5 42. Rxf7+ Kg8 43. Rg7+ Kf8 44. Rcf7+ Ke8 45. Rxa7 1-0


[Site "https://www.chess.com"]

[Event "Titled Tuesday Blitz November 08 Late 2022"]
[White "Danielyan, Vahe"]
[Black "Faizrakhmanov, Ramil"]
[WhiteFideId "13304828"]
[BlackFideId "24103209"]
[WhiteElo "2423"]
[BlackElo "2437"]
[Result "0-1"]
[Round "07"]
[TimeControl "180+1"]
[Date "2022.11.08"]
[WhiteClock "0:00:06"]
[BlackClock "0:00:25"]

1. Nf3 d5 2. b3 Nf6 3. Bb2 c5 4. e3 g6 5. Be2 Bg7 6. O-O O-O 7. d4 cxd4 8. Nxd4 Ne4 9. Nd2 Nd6 10. c4 e5 11. N4f3 e4 12. Nd4 dxc4 13. Nxc4 Nxc4 14. Bxc4 a6 15. Rc1 b5 16. Be2 Bb7 17. Qc2 Qe7 18. Rfd1 Rd8 19. Qc7 Rd7 20. Qc3 Be5 21. Nf5 gxf5 22. Qxe5 Qxe5 23. Bxe5 Rxd1+ 24. Rxd1 Nc6 25. Bf6 Nb4 26. Rd7 Bc6 27. Rd6 Rc8 28. g4 Nxa2 29. gxf5 Nc1 30. Bd1 a5 31. Bc3 a4 32. bxa4 bxa4 33. Bb4 Nd3 34. Ba3 Kg7 35. h4 f6 36. h5 Be8 37. h6+ Kxh6 38. Rxf6+ Kg7 39. Ra6 Rc3 40. Ra7+ Kg8 41. Ra8 Rxa3 42. Rxe8+ Kf7 0-1


[Site "https://www.chess.com"]

[Event "Titled Tuesday Blitz November 08 Late 2022"]
[White "De Souza, Cristiano Gomes"]
[Black "Zhu, Jiner"]
[WhiteFideId "2151758"]
[BlackFideId "8608059"]
[WhiteElo "2068"]
[BlackElo "2384"]
[Result "0-1"]
[Round "07"]
[TimeControl "180+1"]
[Date "2022.11.09"]
[WhiteClock "0:01:23"]
[BlackClock "0:01:08"]

1. d4 Nf6 2. c4 g6 3. Nf3 Bg7 4. Nc3 d6 5. e4 O-O 6. Be2 e5 7. O-O Nc6 8. d5 Ne7 9. Ne1 Nd7 10. Be3 f5 11. f3 f4 12. Bf2 g5 13. Nb5 a6 14. Na7 Rxa7 15. Bxa7 b6 16. b4 Bb7 17. Rc1 Qa8 18. c5 bxc5 19. Bxc5 dxc5 20. bxc5 Qa7 21. Nd3 Nf6 22. Kh1 Ng6 23. c6 Bc8 24. Nc5 Rd8 25. Qa4 Bf8 26. Nxa6 g4 27. Qb5 g3 28. h3 Nh4 29. Nc5 Bxh3 30. gxh3 g2+ 31. Kh2 gxf1=Q 32. Bxf1 Nxf3+ 33. Kg2 Nd4 34. Qc4 Bxc5 35. Qxc5 Qxc5 36. Rxc5 Nxe4 37. Ra5 Kf7 38. Bc4 Rg8+ 39. Kh2 Nf3+ 0-1


[Site "https://www.chess.com"]

[Event "Titled Tuesday Blitz November 08 Late 2022"]
[White "Dubov, Daniil"]
[Black "Nakamura, Hikaru"]
[WhiteFideId "24126055"]
[BlackFideId "2016192"]
[WhiteElo "2791"]
[BlackElo "2909"]
[Result "1/2-1/2"]
[Round "07"]
[TimeControl "180+1"]
[Date "2022.11.08"]
[WhiteClock "0:00:04"]
[BlackClock "0:00:29"]

1. e4 e5 2. Nf3 Nc6 3. Bc4 Nf6 4. d3 Bc5 5. Nc3 a6 6. h3 d6 7. a4 h6 8. Be3 Bxe3 9. fxe3 Be6 10. b3 O-O 11. O-O Ne7 12. a5 Ng6 13. Qe1 Qe7 14. Qg3 Kh7 15. Rf2 c6 16. Bxe6 fxe6 17. Na4 Nd7 18. Raf1 Rf6 19. Nh4 Nxh4 20. Rxf6 gxf6 21. Qxh4 Rg8 22. Rf2 Qg7 23. Nb6 Nxb6 24. axb6 Rf8 25. Rf3 f5 26. exf5 exf5 27. Qf2 Qg6 28. Kh2 h5 29. Rg3 Qf6 30. Qf3 Kh6 31. Qf2 d5 32. Kg1 c5 33. h4 f4 34. Rg5 fxe3 35. Qxe3 Qf1+ 36. Kh2 Qf4+ 37. Qxf4 Rxf4 38. Rxe5 Rxh4+ 39. Kg3 Rg4+ 40. Kf3 c4 41. dxc4 dxc4 42. b4 c3 43. Re7 Rxb4 44. Rxb7 a5 45. Ke3 a4 46. Kd3 a3 47. Ra7 Rxb6 48. Rxa3 Rg6 49. Rxc3 Rxg2 50. Rc8 1/2-1/2


[Site "https://www.chess.com"]

[Event "Titled Tuesday Blitz November 08 Late 2022"]
[White "Dudzinski, Pawel"]
[Black "Tokhirjonova, Gulrukhbegim"]
[WhiteFideId "1117890"]
[BlackFideId "14203626"]
[WhiteElo "2086"]
[BlackElo "2236"]
[Result "1-0"]
[Round "07"]
[TimeControl "180+1"]
[Date "2022.11.09"]
[WhiteClock "0:00:13"]
[BlackClock "0:02:21"]

1. e4 e5 2. Nc3 Nc6 3. g3 Nf6 4. Bg2 Bc5 5. Nge2 d6 6. O-O Be6 7. Na4 Bb6 8. Nxb6 axb6 9. d4 exd4 10. Nxd4 Nxd4 11. Qxd4 Qd7 12. Re1 O-O 13. c4 b5 14. c5 dxc5 15. Qxc5 Rxa2 16. Rxa2 Bxa2 17. Bg5 c6 18. Bxf6 gxf6 19. Qh5 Re8 20. Rd1 Qe7 21. Qg4+ Kh8 22. Rd7 Qe6 23. Qxe6 Bxe6 24. Rxb7 Rd8 25. Bf3 Rd2 26. e5 Rxb2 27. exf6 h6 28. Rb8+ Kh7 29. Be4+ Bf5 30. Bxf5# 1-0


[Site "https://www.chess.com"]

[Event "Titled Tuesday Blitz November 08 Late 2022"]
[White "Dzierzak, Radoslaw"]
[Black "Annaberdiyev, Babageldi"]
[WhiteFideId "1161407"]
[BlackFideId "14000385"]
[WhiteElo "2111"]
[BlackElo "2332"]
[Result "1-0"]
[Round "07"]
[TimeControl "180+1"]
[Date "2022.11.09"]
[WhiteClock "0:00:21"]
[BlackClock "0:01:23"]

1. e4 e6 2. Nf3 d5 3. Nc3 d4 4. Ne2 c5 5. c3 Nc6 6. cxd4 cxd4 7. Qa4 Bd7 8. Nexd4 Nf6 9. Nxc6 bxc6 10. e5 Nd5 11. d4 Be7 12. Bd3 h6 13. O-O Qb6 14. Qa6 Rb8 15. Qxb6 axb6 16. a3 O-O 17. Bd2 Rfc8 18. Rfc1 Kf8 19. Be4 Ke8 20. Bxd5 cxd5 21. Ne1 Rxc1 22. Rxc1 Rc8 23. Rxc8+ Bxc8 24. Nc2 Kd7 25. Bb4 Bg5 26. Kf1 Ba6+ 27. Ke1 Bd3 28. Kd1 f6 29. Bd2 Bxd2 30. Kxd2 Bxc2 31. Kxc2 fxe5 32. dxe5 Kc6 33. Kc3 Kc5 34. b4+ Kb5 35. Kb3 Kc6 36. a4 g6 37. Kc3 Kc7 38. Kd4 Kc6 39. g4 Kd7 40. f4 Ke7 41. f5 exf5 42. gxf5 gxf5 43. Kxd5 Kd7 44. a5 bxa5 45. bxa5 1-0


[Site "https://www.chess.com"]